 Dungeon Crawl Stone Soup version 0.31.0-9-g3a7656b989 (webtiles) character file.

Game seed: 6693045671806670426

5278 Bnni the Slicer (level 10, 0/84 HPs)
             Began as a Vine Stalker Fighter on Feb 1, 2024.
             Was an Elder of Uskayaw.
             Succumbed to Maurice's poison
             ... on level 8 of the Dungeon.
             The game lasted 00:16:45 (7381 turns).

Bnni the Slicer (Vine Stalker Fighter)              Turns: 7381, Time: 00:16:46

Health: 0/84       AC: 15    Str: 18    XL:     10   Next: 63%
Magic:  14/14      EV:  5    Int:  8    God:    Uskayaw [****..]
Gold:   0          SH:  6    Dex: 19    Spells: 9/9 levels left

rFire   . . .        b - +2 dagger (speed)
rCold   . . .        c - +0 buckler
rNeg    . . .        H - +0 plate armour
rPois   .            (no helmet)
rElec   .            (no cloak)
rCorr   .            l - +0 pair of gloves
SInv    .            j - +2 pair of boots
Will    +....        D - amulet of regeneration Stlth
                     h - ring of flight
HPRegen 1.94/turn    (no ring)
MPRegen 0.14/turn

%: guardian spirit
@: berserking, lethally poisoned (0 -> -4), flying, very quick
A: fangs 3, regeneration 1, magic shield, antimagic bite, no potion heal 2
a: Renounce Religion, Stomp, Line Pass


You were on level 8 of the Dungeon.
You worshipped Uskayaw.
Uskayaw was noncommittal.
You visited 2 branches of the dungeon, and saw 9 of its levels.
You also visited: Sewer and Ossuary.

You collected 276 gold pieces.
You spent 276 gold pieces at shops.

Inventory:

Hand Weapons
 b - a +2 dagger of speed (weapon)
Missiles
 g - 9 poisoned darts (quivered)
Armour
 c - a +0 buckler (worn)
 j - a +2 pair of boots (worn)
 l - a +0 pair of gloves (worn)
 H - a +0 plate armour (worn)
Jewellery
 h - a ring of flight (left hand)
 D - an amulet of regeneration (around neck)
Wands
 e - a wand of paralysis (3)
 n - a wand of acid (1)
 y - a wand of roots (11)
Scrolls
 d - a scroll of fog {unknown}
 f - 2 scrolls of amnesia {unknown}
 m - 4 scrolls of teleportation
 o - 5 scrolls of revelation
 r - a scroll of immolation
 s - a scroll of enchant armour {unknown}
 u - 3 scrolls of torment {unknown}
 v - 2 scrolls of noise {unknown}
 w - a scroll of poison {unknown}
 E - a scroll of brand weapon {unknown}
 I - a scroll of blinking {unknown}
 J - a scroll of acquirement {unknown}
Potions
 i - 2 potions of cancellation
 k - 6 potions of enlightenment
 q - a potion of attraction
 x - 2 potions of magic {unknown}
 z - a potion of mutation
 A - a potion of resistance {unknown}
 C - 4 potions of haste
 F - 2 potions of invisibility {unknown}
 G - a potion of lignification {unknown}
 K - a potion of berserk rage
 N - a potion of ambrosia {unknown}


   Skills:
 + Level 7.8 Fighting
 - Level 10.0 Short Blades
 - Level 2.4 Armour
 + Level 4.1 Stealth
 * Level 5.5 Shields
 * Level 4.7 Invocations


You had 9 spell levels left.
You didn't know any spells.
Your spell library contained the following spells:

 Spells                   Type           Power      Damage    Failure   Level
 Kiss of Death            Conj/Necr      0%         2d5       100%        1
 Shock                    Conj/Air       0%         1d3       100%        1
 Confusing Touch          Hex            0%         N/A       100%        3
 Swiftness                Air            0%         N/A       100%        3
 Airstrike                Air            0%         2d(0-16)  100%        4
 Dispel Undead            Necr           0%         3d6       100%        4


Dungeon Overview and Level Annotations

Branches:
Dungeon (8/15)             Temple (1/1) D:7           Sewer (visited)
Ossuary (visited)
   Lair: D:8-11

Altars:
Ashenzari
Cheibriados
Dithmenos
Elyvilon
Fedhas
Gozag
Hepliaklqana
Makhleb
Nemelex Xobeh
Okawaru
Qazlal
Ru
Sif Muna
Uskayaw
Vehumet

Shops:
D:1 :*!   D:5 *   D:7 *

Annotations:
Temple 4 transporters


Innate Abilities, Weirdness & Mutations

You have razor-sharp teeth.
Your natural rate of healing is unusually fast.
When hurt, damage is shared between your health and your magic reserves.
Your bite disrupts and absorbs the magic of your enemies.
Potions cannot restore your health.


Message History

Something bites you.
* * * LOW HITPOINT WARNING * * *
Something drains your magic.
You can move again.
It was a potion of cancellation.
You feel magically purged.
* * * LOW HITPOINT WARNING * * *
You feel very sick.
A red film seems to cover your vision as you go berserk!
You feel yourself moving faster!
You feel mighty!
You feel very sick. Something completely misses you. Something bites you.
* * * LOW HITPOINT WARNING * * *
You feel your power leaking away. Something drains your magic.
You puncture something!
You feel sick.
Uskayaw will force your foes to helplessly watch your dance.
You hit something. Your bite misses something. Something blocks your attack.
You feel sick.
You puncture something! Your bite misses something.
You feel sick. Something hits you but does no damage.
You are lethally poisoned!
Something bites you.
* * * LOW HITPOINT WARNING * * *
Something drains your magic.
You barely miss something. Your bite misses something.
* * * LOW HITPOINT WARNING * * *
You feel sick.
Unknown command.
You barely miss something. Your bite misses something.
* * * LOW HITPOINT WARNING * * *
You feel sick.
You hit something. You bite something! You drain its magic.
You feel invigorated.
* * * LOW HITPOINT WARNING * * *
You feel sick.
Uskayaw will force your foes to share their pain.
Something blocks your attack.
You bite something!
Reactivating autopickup.
You feel a bit more experienced.
You die...

... #..# ...
#####..###
........
###..... #.....#
#@$# #..# ####
.#####)#####....
#...".........#
####........###
# ##....#..# .#
#......†#####.#
###.##.†......#
...###.......#


There were no monsters in sight!

Vanquished Creatures
  Amaemon (D:8)
  Pikel (D:8)
  Maurice (D:8)
  An orange demon (D:8)
  The ghost of TheCrane the Digger, a novice GrEE (D:5)
  Psyche (D:7)
  The ghost of Gottschkopf the Changeling, an amateur DrSh (D:3)
  A wyvern (D:7)
  Eustachio (D:5)
  A yak (D:8)
  Duvessa (D:5)
  The ghost of GordonOverkill the Cudgeller, an amateur OnBe of Trog (D:3)
  An ice beast (D:6)
  A sky beast (D:8)
  A centaur (D:8)
  2 phantoms
  2 elf zombies (Ossuary)
  A brain worm (Sewer)
  A gnoll sergeant (D:7)
  5 scorpions
  Dowan (D:5)
  7 wights
  The ghost of nitefall the Cudgeller, a weakling MiBe of Trog (D:3)
  A howler monkey (D:8)
  A centaur zombie (Ossuary)
  5 hounds
  3 human zombies (Ossuary)
  A jelly (D:5)
  3 orc priests
  A gnoll bouda (D:7)
  3 sleepcaps
  An iguana (D:5)
  6 orc wizards
  6 hound zombies (Ossuary)
  2 mummies (Ossuary)
  15 adders
  11 gnolls (D:7)
  2 river rats (Sewer)
  A white imp (D:6)
  5 adder zombies (Ossuary)
  5 dart slugs
  3 ribbon worms
  22 orcs
  10 ball pythons
  12 endoplasms
  13 giant cockroaches
  2 gnoll zombies (Ossuary)
  2 goblins
  4 hobgoblins
  7 jackals
  6 quokkas
  13 bats
  3 frilled lizards
  5 jackal zombies (Ossuary)
  9 kobolds
  6 kobold zombies (Ossuary)
  7 orc zombies (Ossuary)
  6 rats
237 creatures vanquished.

Notes
Turn   | Place    | Note
-------+----------+-------------------------------------------
     0 | D:1      | Bnni the Vine Stalker Fighter began the quest for the Orb.
     0 | D:1      | Reached XP level 1. HP: 11/11 MP: 2/2
    63 | D:1      | Reached skill level 2 in Short Blades
    83 | D:1      | Found Oppaoher's Book Boutique.
    88 | D:1      | Reached XP level 2. HP: 16/16 MP: 3/3
   170 | D:1      | Found Qocuw's Distillery.
   199 | D:1      | Found Viul's Assorted Antiques.
   206 | D:1      | Bought a thick jasper amulet for 100 gold pieces
   533 | D:2      | Reached XP level 3. HP: 19/19 MP: 4/4
  1131 | D:2      | Found a sparkling altar of Nemelex Xobeh.
  1134 | D:2      | Reached XP level 4. HP: 24/24 MP: 5/5
  1436 | D:3      | Found a runed translucent gate.
  1439 | D:3      | Found a runed translucent gate.
  1439 | D:3      | Found a runed translucent gate.
  1441 | D:3      | Noticed nitefall's ghost (weakling MiBe)
  1441 | D:3      | Noticed Gottschkopf's ghost (amateur DrSh)
  1441 | D:3      | Noticed GordonOverkill's ghost (amateur OnBe)
  1510 | D:3      | Found a glowing drain.
  1514 | Sewer    | Entered a sewer
  1529 | Sewer    | Reached skill level 3 in Short Blades
  1645 | Sewer    | Reached XP level 5. HP: 27/28 MP: 6/6
  1847 | Sewer    | Reached skill level 4 in Short Blades
  1857 | Sewer    | Reached XP level 6. HP: 32/32 MP: 7/7
  2689 | D:4      | Found a shimmering blue altar of Sif Muna.
  2895 | D:4      | Found a sand-covered staircase.
  2904 | Ossuary  | Entered an ossuary
  3112 | Ossuary  | Reached skill level 5 in Short Blades
  3112 | Ossuary  | Reached XP level 7. HP: 34/37 MP: 6/8
  3334 | D:4      | Found a broken altar of Ashenzari.
  3336 | D:4      | Found a hazy altar of Hepliaklqana.
  3336 | D:4      | Found a sacrificial altar of Ru.
  3385 | D:4      | Reached skill level 6 in Short Blades
  3534 | D:4      | Reached skill level 5 in Fighting
  3534 | D:4      | Gained mutation: You have razor-sharp teeth. [Vine Stalker
                  | growth]
  3534 | D:4      | Reached XP level 8. HP: 42/43 MP: 7/9
  4013 | D:5      | Entered Level 5 of the Dungeon
  4160 | D:5      | Found Hasche's General Store.
  4177 | D:5      | Reached skill level 7 in Short Blades
  4179 | D:5      | Bought a scroll of teleportation for 30 gold pieces
  4179 | D:5      | Bought a scroll of identify for 20 gold pieces
  4385 | D:5      | Noticed Duvessa
  4386 | D:5      | Noticed Dowan
  4416 | D:5      | Killed Dowan
  4422 | D:5      | Killed Duvessa
  4556 | D:5      | Found a runed translucent door.
  4562 | D:5      | Reached skill level 8 in Short Blades
  4565 | D:5      | Noticed TheCrane's ghost (novice GrEE)
  4647 | D:5      | Killed TheCrane's ghost
  4648 | D:5      | Reached XP level 9. HP: 49/49 MP: 10/10
  4825 | D:5      | Noticed Eustachio
  4839 | D:5      | Killed Eustachio
  5392 | D:6      | Reached skill level 9 in Short Blades
  5839 | D:7      | Found a staircase to the Ecumenical Temple.
  5856 | Temple   | Found a transporter.
  5856 | Temple   | Found a transporter.
  5856 | Temple   | Found a transporter.
  5856 | Temple   | Found a transporter.
  5856 | Temple   | Entered the Ecumenical Temple
  5874 | Temple   | Became a worshipper of Uskayaw the Reveller
  5993 | D:7      | Reached * piety under Uskayaw
  5995 | D:7      | Reached ** piety under Uskayaw
  6000 | D:7      | Reached *** piety under Uskayaw
  6003 | D:7      | Reached **** piety under Uskayaw
  6013 | D:7      | Reached skill level 1 in Invocations
  6015 | D:7      | Reached skill level 1 in Stealth
  6597 | D:7      | Found Redauxu's General Store.
  6614 | D:7      | Bought a scroll of butterflies for 56 gold pieces
  6614 | D:7      | Bought a potion of berserk rage for 70 gold pieces
  6819 | D:3      | Killed GordonOverkill's ghost
  6820 | D:3      | Killed Gottschkopf's ghost
  6821 | D:3      | Reached XP level 10. HP: 51/55 MP: 10/13
  6822 | D:3      | Killed nitefall's ghost
  6992 | D:8      | Noticed Pikel
  7008 | D:8      | Killed Pikel
  7009 | D:8      | Reached skill level 10 in Short Blades
  7016 | D:8      | Noticed Amaemon
  7019 | D:8      | Noticed an orange demon
  7035 | D:8      | Killed an orange demon
  7063 | D:8      | Killed Amaemon
  7064 | D:8      | Reached skill level 5 in Shields
  7069 | D:8      | Noticed Psyche
  7246 | D:7      | Killed Psyche
  7330 | D:8      | Noticed Maurice
  7343 | D:8      | Something stole 501 gold
  7349 | D:8      | Something stole 13 poisoned darts
  7357 | D:8      | Something stole a +0 kite shield
  7367 | D:8      | Paralysed by something for 4 turns
  7369 | D:8      | Something stole a +1 short sword of protection
  7377 | D:8      | HP: 3/84 [something (3)]
  7380 | D:8      | HP: 1/84 [poisoned by Maurice]
  7381 | D:8      | Killed Maurice
  7381 | D:8      | Succumbed to Maurice's poison

Illustrated notes

Levels and vault maps discovered:
D:1:      minmay_arrival_three_doors, layout_rooms, serial_shops, shop, shop,
          nicolae_shop_temple_entry_statues_fountains, minmay_gold_behind_fungi
D:2:      layout_loops_corners, basic_altar, chequers_serial_rivers_small_b,
          serial_bayou_pond_b
D:3:      layout_basic, gup_sewer_entry_bowl, gammafunk_ghost_cemetery
D:4:      layout_loops_ring, grunt_temple_overflow_diamond,
          mainiacjoe_overflow_tiny_flanked, nicolae_ossuary_entry_monument,
          serial_bayou, serial_bayou_crossing, serial_bayou_lagoon_b,
          serial_bayou_pond_d, serial_bayou_ford_a, roderic_roman_lattice,
          hangedman_minor_gate_pass
D:5:      layout_cave_pods, serial_shops, nicolae_shop_tiny_real_fake_doors,
          ebering_ghost_sewer_d, serial_bayou, serial_bayou_shore_a,
          serial_bayou_pond_e, serial_bayou_shore_b, serial_bayou_shore_b,
          serial_bayou_lagoon_a, uniq_duvessa, uniq_eustachio
D:6:      layout_rooms, minmay_misc_feat_rugged
D:7:      layout_cave_pods, minmay_temple_entry_statues, serial_shops, shop
D:8:      minmay_the_grid_plus_closed [minmay_the_grid_eight,
          minmay_the_grid_embedded, minmay_the_grid_tree,
          minmay_the_grid_spikes, minmay_the_grid_prize_four_corners],
          layout_loops_cross, grunt_temple_overflow_holy_war, xom_shifter_show,
          chequers_hall_statues_wall_a, uniq_maggie, uniq_maurice, uniq_pikel,
          uniq_amaemon, uniq_psyche
Temple:   hellmonk_temple_divided_pantheon

Skill      XL: |  1  2  3  4  5  6  7  8  9 10 |
---------------+-------------------------------+-----
Short Blades   | 2 3 4 5 6 8 9 10 | 10.0
Shields        | 3 4 5 |  5.5
Fighting       | 3 4 5 6 7 |  7.8
Invocations    | 2 4 |  4.7
Stealth        | 2 4 |  4.1
Armour         | |  2.4

Action                     |  1- 3 |  4- 6 |  7- 9 | 10-12 || total
---------------------------+-------+-------+-------+-------++-------
  Melee: Rapier            |   103 |   259 |       |       ||   362
         Bite              |    24 |   110 |   233 |    37 ||   404
         Short sword       |       |   142 |   440 |       ||   582
         Dagger            |       |       |   169 |   134 ||   303
         Unarmed           |       |       |       |     4 ||     4
 Invoke: Line Pass         |       |       |     2 |     4 ||     6
  Evoke: Wand              |       |       |     7 |       ||     7
    Use: Scroll            |       |       |     5 |     2 ||     7
         Potion            |       |       |     1 |     3 ||     4
   Stab: Paralysed         |       |       |    12 |     2 ||    14
         Confused          |       |       |     1 |     1 ||     2
 Armour: Scale mail        |    56 |   304 |   192 |       ||   552
         Plate armour      |       |       |    72 |    76 ||   148
         Skin              |       |       |       |     9 ||     9
  Dodge: Dodged            |    55 |   224 |   107 |    13 ||   399
  Block: Buckler           |    18 |   118 |    83 |    19 ||   238
